 Dungeon Crawl Stone Soup version 0.27-a0-1232-gc6a4cbde82 (webtiles) character file.

Game seed: 12258972060212437153

277 robertstho the Magician (level 6, 0/40 HPs)
             Began as a Djinni Fire Elementalist on June 8, 2021.
             Slain by Grinder (5 damage)
             ... on level 4 of the Dungeon.
             The game lasted 00:05:39 (4768 turns).

robertstho the Magician (Djinni Fire Elementalist)  Turns: 4768, Time: 00:05:39

Health: 0/40       AC:  2    Str:  7    XL:     6   Next: 51%
Gold:   141        EV: 12    Int: 25    God:
                   SH:  0    Dex: 13

rFire    + + .     SeeInvis .   o - +2 dagger (holy)
rCold    x . .     Faith    .   (no shield)
rNeg     . . .     Spirit   .   a - +0 robe
rPois    ∞         Reflect  .   (no helmet)
rElec    .         Harm     .   (no cloak)
rCorr    .         Rampage  .   (no gloves)
Will     .....                  (boots unavailable)
Stlth    ++........             (no amulet)
HPRegen  0.13/turn              c - +6 ring of intelligence
MPRegen  0.00/turn              (no ring)

@: flying, very slightly contaminated, invisible
A: sickness immunity, fire resistance 2, cold vulnerability 1, float, innate
caster, hp casting, extra vitality 1
a: no special abilities


You were on level 4 of the Dungeon.
You visited 1 branch of the dungeon, and saw 4 of its levels.

You collected 141 gold pieces.

Inventory:

Hand Weapons
 b - a +0 dagger
 e - a +1 dagger of venom
 o - a +2 dagger of holy wrath (weapon)
Armour
 a - a +0 robe (worn)
Jewellery
 c - a +6 ring of intelligence (left hand)
Wands
 t - a wand of mindburst (16)
Scrolls
 k - a scroll of amnesia
 s - a scroll of teleportation {unknown}
 u - a scroll of vulnerability {unknown}
Potions
 d - a potion of curing {unknown}
 g - a potion of invisibility
 h - a potion of might {unknown}
 m - a potion of berserk rage {unknown}
 n - a potion of heal wounds {unknown}


   Skills:
 + Level 2.9 Dodging
 + Level 1.9 Stealth
 * Level 5.0 Spellcasting


You couldn't memorise any spells.
You knew the following spells:

 Your Spells              Type           Power      Damage    Failure   Level
a - Foxfire               Conj/Fire      100%       2x1d9     1%          1
b - Conjure Flame         Conj/Fire      31%        6-21      3%          3
c - Inner Flame           Hex/Fire       31%        N/A       3%          3
d - Sticky Flame          Conj/Fire      31%        2d5       11%         4
e - Fireball              Conj/Fire      15%        3d8       28%         5
f - Pain                  Necr           100%       1d9       1%          1
g - Searing Ray           Conj           62%        3d5       1%          2
Your spell library was empty.

Dungeon Overview and Level Annotations

Branches:
Dungeon (4/15)             Temple (0/1) D:4

Altars:

Shops:
D:1 [

Annotations:
D:2 Sigmund
D:4 Grinder


Innate Abilities, Weirdness & Mutations

You are immune to sickness and miasma.
You are immune to poison.
Your flesh is very heat resistant. (rF++)
You are vulnerable to cold. (rC-)
You float through the air rather than walking.
You learn spells naturally, not from books.
Your magical power is your life essence.
You have superior vitality. (+4 HP)


Message History

It was a potion of invisibility.
You fade into invisibility!
The phantom barely misses you.
You are very lightly contaminated with residual magic.
Found a pair of boots. 2 gnolls come into view.
A gnoll comes into view. It is wielding a +0 flail.
You see here a +0 pair of boots.
As you read the scroll labelled OLOTIUG ASTYWK, it crumbles to dust.
You assume a fearsome visage.
The gnoll looks frightened!
The gnoll shouts!
The gnoll looks frightened!
The gnoll shouts!
The gnoll looks frightened!
The gnoll shouts!
The phantom is unaffected.
It was a scroll of fear.
You hear a shout!
A gnoll comes into view. It is wielding a +0 club.
As you read the scroll labelled KELESA HOZE, it crumbles to dust.
It is a scroll of identify.
k - a scroll of amnesia
As you read the scroll labelled XUHIMMEORGH, it crumbles to dust.
The scroll dissolves into smoke.
It was a scroll of fog.
Blink to where?
Press: ? - help, Dir - move target
As you read the scroll labelled UJIDAE VUCLEAG, it crumbles to dust.
It was a scroll of blinking.
Grinder shouts!
Grinder blinks!
As you read the scroll labelled MELUTAPHAL, it crumbles to dust.
You hear a loud clanging noise!
It was a scroll of noise.
Grinder says, "Tell me all your secrets, or I'll kill you."
Grinder barely misses you.
As you read the scroll labelled YFRIOX NYWEAXT, it crumbles to dust.
The creatures around you are filled with an inner flame!
It was a scroll of immolation.
The gnoll misses you. Grinder hits you.
* * * LOW HITPOINT WARNING * * *
You writhe in agony.
You die...

#.#.. ....#..##.# #.#
..#.#..##.# ##.#..##.#
#.. ....#.# #.# ...#.#
... ...#.# #g# §§§..#.#
#.# #5§..#.## #.#
#@§§.....
#####.#####g§#.#>##
#....W§g§.W§§§..§..
######.#########§##.#.##
.......# #§# # ######.#
#.# #.# #.#


You could see Grinder (inner flame), a phantom (wandering, inner flame) and a
gnoll (inner flame).

Vanquished Creatures
  A scorpion (D:4)
  An orc priest (D:3)
  A jelly (D:4)
  An iguana (D:4)
  An orc wizard (D:3)
  2 adders
  2 dart slugs
  5 orcs (D:3)
  6 bats
  6 endoplasms
  3 giant cockroaches
  7 goblins
  7 hobgoblins
  7 jackals
  2 quokkas
  8 ball pythons
  4 frilled lizards
  6 kobolds
  6 rats
76 creatures vanquished.

Vanquished Creatures (others)
  291 foxfires
291 creatures vanquished.

Grand Total: 367 creatures vanquished

Notes
Turn   | Place    | Note
-------+----------+-------------------------------------------
     0 | D:1      | robertstho the Djinni Fire Elementalist began the quest for
                  | the Orb.
     0 | D:1      | Reached XP level 1. HP: 15/15 MP: 0/0
   318 | D:1      | Reached XP level 2. HP: 19/21 MP: 0/0
   379 | D:1      | Found Lukhletwe's Armour Shoppe.
   897 | D:1      | Reached skill level 3 in Spellcasting
   897 | D:1      | Reached XP level 3. HP: 23/25 MP: 0/0
   897 | D:1      | Learned a level 1 spell: Pain
  1165 | D:2      | Noticed Sigmund
  1465 | D:2      | Found a faded altar of an unknown god.
  2227 | D:2      | Reached XP level 4. HP: 30/31 MP: 0/0
  2596 | D:3      | Reached skill level 4 in Spellcasting
  2596 | D:3      | Reached XP level 5. HP: 11/35 MP: 0/0
  2596 | D:3      | Learned a level 2 spell: Searing Ray
  3828 | D:4      | Reached XP level 6. HP: 32/40 MP: 0/0
  4345 | D:4      | Found a staircase to the Ecumenical Temple.
  4410 | D:4      | Noticed Grinder
  4454 | D:4      | Reached skill level 5 in Spellcasting
  4768 | D:4      | Slain by Grinder

Illustrated notes

Levels and vault maps discovered:
D:1:      ncdulo_lavacross, layout_rooms, serial_shops, shop,
          kennysheep_pointless_box
D:2:      layout_loops_cross, basic_ecumenical_altar, uniq_sigmund
D:3:      layout_loops_cross
D:4:      layout_basic, minmay_temple_entry_drinking_statues, uniq_grinder

Skill      XL: |  1  2  3  4  5  6 |
---------------+-------------------+-----
Spellcasting   | 3 4 5 |  5.0
Dodging        | |  2.9
Stealth        | |  1.9

Action                   |  1- 3 |  4- 6 || total
-------------------------+-------+-------++-------
Melee: Dagger            |     1 |     6 ||     7
 Cast: Foxfire           |    98 |    97 ||   195
       Sticky Flame      |       |     2 ||     2
  Use: Scroll            |       |     7 ||     7
       Potion            |       |     1 ||     1
Armor: Robe              |    12 |     2 ||    14
Dodge: Dodged            |    24 |    12 ||    36

Table legend: (Time is in decaauts)
 A = Elapsed time spent in this place.
 B = Non-inter-level travel time spent in this place.
 C = Inter-level travel time spent in this place.
 D = Time resting spent in this place.
 E = Time spent auto-exploring this place.
 F = Levels seen in this place.
 G = Mean time per level.
                   A        B        C        D        E       F      G
               +--------+--------+--------+--------+--------+-----+--------+
         Total |   4767 |   4632 |    135 |    128 |   3970 |   4 | 1191.8 |
       Dungeon |   4767 |   4632 |    135 |    128 |   3970 |   4 | 1191.8 |
               +--------+--------+--------+--------+--------+-----+--------+

Top non-repeatable levels by time:
     D:1: 1326 daAuts
     D:3: 1258 daAuts
     D:2: 1188 daAuts
     D:4: 993 daAuts
